 Dungeon Crawl Stone Soup version 0.20-a0-309-gcba9277 (webtiles) character file.

80771 Junicave the Geomancer (level 15, -3/92 HPs)
             Began as a Gargoyle Earth Elementalist on Dec 19, 2016.
             Was a High Priest of Vehumet.
             Hit by a large rock thrown by a stone giant (30 damage)
             ... on level 2 of the Orcish Mines.
             The game lasted 03:48:00 (52133 turns).

Junicave the Geomancer (GrEE)                      Turns: 52133, Time: 03:48:01

Health: -3/92      AC: 23    Str: 13    XL:     15   Next: 68%
Magic:  14/30      EV: 15    Int: 23    God:    Vehumet [*****.]
Gold:   1696       SH: 12    Dex: 10    Spells: 2/37 levels left

rFire  . . .     SeeInvis .     a - +4 flail (crush)
rCold  + . .     Gourm    .     Z - +2 robe {rC+}
rNeg   + . .     Faith    .     A - +2 buckler
rPois  ∞         Spirit   .     j - +2 hat {MR+}
rElec  +         Reflect  +     r - +2 cloak
rCorr  .         Harm     .     X - +0 pair of gloves
MR     ++...     Clarity  +     w - +1 pair of boots
Stlth  ++........               s - amulet of Soucli {Reflect rPois SH+5}
                                F - ring of wizardry
                                Q - +6 ring of slaying

@: flying
A: big wings, hooves 1, horns 1, blink, clarity, clever 1, deformed body,
negative energy resistance 1, screaming 1, electricity resistance, unbreathing,
petrification resistance, rot immunity, MP-powered wands, AC +11
a: Stop Flying, Blink, Renounce Religion


You were on level 2 of the Orcish Mines.
You worshipped Vehumet.
Vehumet was extremely pleased with you.
You were very hungry.

You visited 4 branches of the dungeon, and saw 22 of its levels.

You collected 1965 gold pieces.
You spent 269 gold pieces at shops.

Inventory:

Hand Weapons
 a - a +4 flail of crushing (weapon)
 b - a +1 flail of protection
Armour
 e - a +1 robe of positive energy
 j - a +2 hat of magic resistance (worn)
 r - a +2 cloak (worn)
 w - a +1 pair of boots (worn)
 A - a +2 buckler (worn)
 C - a +1 robe of fire resistance
 X - a +0 pair of gloves (worn)
 Z - a +2 robe of cold resistance (worn)
Jewellery
 p - an uncursed ring of protection from cold
 s - the amulet of Soucli (around neck) {Reflect rPois SH+5}
   (You found it on level 2 of the Lair of Beasts)

   [amulet of reflection]

   It shields you and reflects attacks.
   It protects you from poison.
   It affects your SH (+5).
 v - an uncursed ring of protection from magic
 F - a ring of wizardry (right hand)
 Q - a +6 ring of slaying (left hand)
Wands
 g - a wand of polymorph (10/24)
 h - a wand of hasting (0/9)
 G - a wand of acid (8/15)
 J - a wand of slowing (32/48)
 P - a wand of lightning (0/15)
 R - a wand of flame (38/48)
 S - a wand of enslavement (3/24)
 W - a wand of confusion (2/48)
Scrolls
 f - a scroll of fear
 i - a scroll of teleportation
 n - 6 scrolls of magic mapping
 t - 3 scrolls of recharging
 y - 2 scrolls of fog
 E - 6 scrolls of blinking
 I - 7 scrolls of remove curse
 M - 2 scrolls of immolation
 N - a scroll of torment
 Y - 2 scrolls of silence
Potions
 c - 2 potions of brilliance
 k - 3 potions of invisibility
 m - 4 potions of curing
 q - 3 potions of lignification
 x - a potion of cancellation
 B - 2 potions of heal wounds
 L - 2 potions of haste
 U - 3 potions of magic
Books
 o - a book of Flames

   Spells                             Type                      Level
   a - Flame Tongue                   Conjuration/Fire             1
   b - Throw Flame                    Conjuration/Fire             2
   c - Conjure Flame                  Conjuration/Fire             3
   d - Inner Flame                    Hexes/Fire                   3
   e - Sticky Flame                   Conjuration/Fire             4
   f - Fireball                       Conjuration/Fire             5
Miscellaneous
 H - a phial of floods
Comestibles
 d - 5 bread rations
 l - a beef jerky
 u - 2 chunks of flesh
 D - 2 meat rations
 K - 18 fruits


   Skills:
 + Level 10.2 Fighting
 + Level 8.9 Maces & Flails
 - Level 7.8 Armour
 + Level 7.7 Dodging
 - Level 2.1 Stealth
 - Level 5.5 Shields
 * Level 11.6 Spellcasting
 + Level 10.0 Conjurations
 - Level 0.7 Transmutations
 + Level 7.2 Fire Magic
 + Level 11.7 Earth Magic
 + Level 2.6 Poison Magic
 + Level 7.5 Evocations


You had 2 spell levels left.
You knew the following spells:

 Your Spells              Type           Power        Failure   Level  Hunger
a - Sandblast             Erth           ######       1%          1    None
b - Stone Arrow           Conj/Erth      ######       1%          3    None
c - Lee's Rapid Deconstr  Erth           ######....   1%          5    ####...
d - Petrify               Tmut/Erth      #####...     1%          4    None
e - Shock                 Conj/Air       ####         1%          1    None
f - Searing Ray           Conj           ######       1%          2    None
g - Throw Flame           Conj/Fire      ######       1%          2    None
h - Fireball              Conj/Fire      ######....   1%          5    ####...
i - Iskenderun's Mystic   Conj           ######..     1%          4    None
j - Delayed Fireball      Conj/Fire      N/A          24%         7    #######
k - Poison Arrow          Conj/Pois      #####.....   10%         6    #####..


Dungeon Overview and Level Annotations

Branches:
Dungeon (13/15)            Temple (1/1) D:6            Lair (6/6) D:11
 Shoals (0/4) Lair:2       Spider (0/4) Lair:4        Slime (0/5) Lair:6
    Orc (2/2) D:9             Elf (0/3) Orc:2        Vaults (0/5) D:13

Altars:
Ashenzari
Cheibriados
Dithmenos
Elyvilon
Fedhas
Gozag
Hepliaklqana
Kikubaaqudgha
Makhleb
Nemelex Xobeh
Okawaru
Qazlal
Ru
Sif Muna
Trog
Uskayaw
Vehumet
Xom
Yredelemnul
Zin
The Shining One

Shops:
D:4 [   D:7 }   D:11 (   D:12 *   D:13 [   Orc:2 ?*}


Innate Abilities, Weirdness & Mutations

You are resistant to torment.
Your stone body is resilient. (AC +11)
You are immune to poison.
Your large and strong wings let you fly indefinitely.
You resist negative energy. (rN+)
You are resistant to electric shocks. (rElec)
You can survive without breathing.
You are immune to petrification.
You are immune to rotting.
You have large cloven feet.
You have a pair of small horns on your head.
You can translocate small distances at will.
You possess an exceptional clarity of mind.
Your mind is acute. (Int +2)
Armour fits poorly on your strangely shaped body.
You occasionally shout uncontrollably at your foes.
You expend magic power (3 MP) to strengthen your wands.


Message History

You thump the orc warrior!
You kill the orc warrior!
Vehumet accepts your kill.
You are feeling very hungry.
You block the hellwing's attack. x2
Things that are here:
a short sword; a plate armour; an orc corpse The hellwing swoops through the air toward you!
You block the hellwing's attack. The hellwing barely misses you.
You hit the hellwing.
The hellwing is moderately wounded.
You block the hellwing's attack. x2
You blink.
You feel slightly more hungry.
Some of the chunks of flesh in your inventory have rotted away.
A stone giant comes into view.
The stone giant throws a large rock.
The large rock hits you but does no damage.
You see here a large rock.
The stone giant throws a large rock.
The large rock hits you!!
You die...

##.#............## ##.....
####.#.............#### ###...
##.###......##.........####.##..
#..........###...........#......
##....<......##.....4.#..........
#....###............#.###........
##.###.##............## #........
####...#........(..## ##.#....#
##.#........@.### #####.##
####........### ###
##...........# #............##
###............# ###
###..............####.##
#......C...#...........#
###.<....###.......#...# ##
##......#.......<.#.##


You could see a stone giant and a hellwing.

Vanquished Creatures
  Gastronok (Lair:2)
  Snorg (D:11)
  A fire dragon (D:13)
  8 hydras
  Erolcha (D:13)
  2 catoblepae
  Erica (Orc:1)
  Harold (D:12)
  9 two-headed ogres
  4 death yaks
  A wizard (D:13)
  Pikel (D:5)
  A necromancer (Lair:3)
  10 oklob plants
  An orc knight (Orc:2)
  4 ugly things
  3 cyclopes
  5 elephants
  7 black mambas
  Maurice (D:9)
  11 spiny frogs
  A centaur skeleton (D:13)
  3 rime drakes
  2 kobold demonologists (D:12)
  10 komodo dragons
  A hellwing (Orc:2)
  A queen bee (Lair:2)
  A red devil (Orc:2)
  10 trolls
  7 polar bears
  6 hornets
  Prince Ribbit (D:5)
  14 blink frogs
  A dream sheep (Lair:6)
  15 hippogriffs
  A shadow (D:13)
  2 redbacks (Lair:4)
  6 wyverns
  28 yaks
  15 spriggans
  A chaos spawn (Orc:2)
  3 basilisks
  3 hungry ghosts
  7 wargs
  An acid dragon (D:13)
  Edmund (D:6)
  15 water moccasins
  16 porcupines
  A hornet zombie (D:8)
  3 ice beasts
  2 phantoms
  4 slaves (D:5)
  3 eyes of draining
  4 black bears
  19 orc warriors
  4 sky beasts
  A necrophage (D:7)
  18 wolves
  3 boggarts
  11 ogres
  12 crocodiles
  9 centaurs
  7 big kobolds
  21 bullfrogs
  6 gnoll sergeants
  A wyvern skeleton (D:7)
  4 scorpions
  27 killer bees
  12 wights
  A howler monkey (D:11)
  3 electric eels (D:7)
  4 crimson imps
  4 centaur zombies
  11 hounds
  A quasit (D:12)
  21 orc priests
  3 gnoll shamans
  5 jellies
  11 orc wizards
  A bullfrog skeleton (D:6)
  An iguana (D:10)
  8 worker ants
  4 polar bear simulacra (Lair:3)
  4 wolf simulacra (Lair:3)
  A yak simulacrum (Lair:3)
  A hound skeleton (D:5)
  A howler monkey zombie (D:6)
  34 gnolls
  3 howler monkey skeletons
  11 adders
  2 shadow imps
  An ooze (D:4)
  3 adder zombies
  2 adder skeletons
  7 worms
  11 dart slugs
  4 leopard geckos
  65 orcs
  7 giant cockroaches
  11 goblins
  16 hobgoblins
  17 jackals
  8 quokkas
  2 ball pythons
  8 bats
  6 frilled lizards
  A giant cockroach zombie (D:6)
  33 kobolds
  A quokka skeleton (D:7)
  A quokka zombie (D:5)
  6 rats
  2 river rat simulacra (Lair:3)
  2 bushes (Lair:4)
  A butterfly (Lair:6)
  A fungus (Lair:3)
  3 plants (Lair:4)
772 creatures vanquished.

Vanquished Creatures (collateral kills)
  A death yak (Lair:6)
1 creature vanquished.

Vanquished Creatures (others)
  A centaur warrior (D:13)
  A cyclops (D:13)
  A dart slug (D:7)
  An orc (D:8)
  12 fungi
  26 plants
42 creatures vanquished.

Grand Total: 815 creatures vanquished

Notes
Turn   | Place    | Note
-------+----------+-------------------------------------------
     0 | D:1      | Junicave the Gargoyle Earth Elementalist began the quest for the Orb.
     0 | D:1      | Reached XP level 1. HP: 10/10 MP: 3/3
   275 | D:1      | Reached XP level 2. HP: 10/15 MP: 0/5
  1361 | D:1      | Reached XP level 3. HP: 19/19 MP: 7/7
  1366 | D:1      | Learned a level 3 spell: Stone Arrow
  4091 | D:2      | Reached XP level 4. HP: 20/24 MP: 5/9
  5348 | D:3      | Reached skill level 1 in Conjurations
  5348 | D:3      | Reached XP level 5. HP: 27/28 MP: 3/11
  6462 | D:3      | Reached skill level 5 in Earth Magic
  6727 | D:3      | Reached XP level 6. HP: 25/32 MP: 3/12
  7878 | D:4      | Reached skill level 5 in Spellcasting
  8026 | D:4      | Reached XP level 7. HP: 36/36 MP: 4/14
  8427 | D:4      | Found Tuciolak's Antique Armour Emporium.
  8703 | D:4      | Reached skill level 1 in Armour
  9110 | D:4      | Found Tuciolak's Antique Armour Emporium.
  9399 | D:5      | Entered Level 5 of the Dungeon
  9420 | D:4      | Reached skill level 1 in Fighting
  9861 | D:5      | Reached XP level 8. HP: 29/43 MP: 0/16
 10588 | D:6      | Found a staircase to the Ecumenical Temple.
 10684 | D:6      | Noticed Edmund
 10752 | D:5      | Learned a level 5 spell: Lee's Rapid Deconstruction
 10764 | D:6      | Noticed Prince Ribbit
 10843 | D:6      | Noticed Pikel
 11668 | D:5      | Killed Prince Ribbit
 11668 | D:5      | Reached skill level 1 in Maces & Flails
 12944 | D:5      | Killed Pikel
 12944 | D:5      | Reached XP level 9. HP: 40/51 MP: 2/18
 13137 | D:6      | Reached skill level 5 in Conjurations
 13218 | Temple   | Entered the Ecumenical Temple
 13320 | Temple   | Became a worshipper of Vehumet
 13543 | D:6      | Killed Edmund
 14133 | D:6      | Found a staircase to the Ecumenical Temple.
 14333 | D:6      | Found a staircase to the Ecumenical Temple.
 14630 | D:6      | Found a staircase to the Ecumenical Temple.
 15088 | D:7      | Reached skill level 1 in Evocations
 15533 | D:7      | Found Lodd's Gadget Emporium.
 15631 | D:7      | Reached XP level 10. HP: 58/58 MP: 11/20
 15640 | D:7      | Learned a level 4 spell: Petrify
 16229 | D:7      | Reached skill level 5 in Armour
 16554 | D:8      | Reached * piety under Vehumet
 16554 | D:8      | Offered knowledge of Shock by Vehumet.
 16557 | D:8      | Learned a level 1 spell: Shock
 17217 | D:8      | Noticed a two-headed ogre
 18047 | D:8      | Reached skill level 1 in Shields
 18166 | D:8      | Found a stormy altar of Qazlal.
 18599 | D:8      | Reached skill level 5 in Fighting
 18847 | D:8      | Killed a two-headed ogre
 19473 | D:8      | Offered knowledge of Searing Ray by Vehumet.
 19477 | D:8      | Learned a level 2 spell: Searing Ray
 19534 | D:8      | Found a stormy altar of Qazlal.
 20203 | D:8      | Found a stormy altar of Qazlal.
 21095 | D:9      | Reached XP level 11. HP: 57/64 MP: 7/23
 21095 | D:9      | Reached ** piety under Vehumet
 21543 | D:9      | Noticed Maurice
 21558 | D:9      | Killed Maurice
 21700 | D:9      | Found a staircase to the Orcish Mines.
 22214 | D:9      | Gained mutation: You are resistant to hostile enchantments. (MR+) [mutagenic meat]
 22215 | D:9      | Gained mutation: Your body sometimes deteriorates upon taking damage. [mutagenic meat]
 22216 | D:9      | Gained mutation: Scrolls take you a little longer to read. [mutagenic meat]
 22217 | D:9      | Gained mutation: Your body often deteriorates upon taking damage. [mutagenic meat]
 22218 | D:9      | Lost mutation: Your body often deteriorates upon taking damage. [potion of cure mutation]
 22218 | D:9      | Lost mutation: Your body sometimes deteriorates upon taking damage. [potion of cure mutation]
 22218 | D:9      | Lost mutation: Scrolls take you a little longer to read. [potion of cure mutation]
 22218 | D:9      | Lost mutation: You are resistant to hostile enchantments. (MR+) [potion of cure mutation]
 22220 | D:9      | Gained mutation: You are frail. (-10% HP) [mutagenic meat]
 22646 | D:9      | Found a staircase to the Orcish Mines.
 22736 | D:9      | Reached skill level 5 in Maces & Flails
 22904 | D:9      | Noticed a two-headed ogre
 22914 | D:9      | Killed a two-headed ogre
 22990 | D:10     | Entered Level 10 of the Dungeon
 23173 | D:10     | Offered knowledge of Throw Flame by Vehumet.
 23491 | D:10     | Reached *** piety under Vehumet
 23567 | D:10     | Learned a level 2 spell: Throw Flame
 23610 | D:10     | Noticed a two-headed ogre
 23615 | D:10     | Killed a two-headed ogre
 23615 | D:10     | Reached skill level 1 in Fire Magic
 23845 | D:10     | Found a radiant altar of Vehumet.
 24065 | D:10     | Learned a level 5 spell: Fireball
 24111 | D:10     | Gained mutation: You occasionally shout uncontrollably at your foes. [mutagenic meat]
 24113 | D:10     | Gained mutation: You possess an exceptional clarity of mind. [mutagenic meat]
 24114 | D:10     | Gained mutation: You can translocate small distances at will. [mutagenic meat]
 24115 | D:10     | Gained mutation: You have a pair of small horns on your head. [mutagenic meat]
 24157 | D:10     | Noticed a two-headed ogre
 24169 | D:10     | Killed a two-headed ogre
 24281 | D:10     | Noticed a two-headed ogre
 24289 | D:10     | Killed a two-headed ogre
 24891 | D:10     | Offered knowledge of Iskenderun's Mystic Blast by Vehumet.
 24892 | D:10     | Noticed a two-headed ogre
 24897 | D:10     | Learned a level 4 spell: Iskenderun's Mystic Blast
 24903 | D:10     | Killed a two-headed ogre
 24903 | D:10     | Reached XP level 12. HP: 34/63 MP: 4/25
 25148 | D:10     | Found a radiant altar of Vehumet.
 25589 | D:10     | Found a radiant altar of Vehumet.
 26023 | D:11     | Reached skill level 5 in Dodging
 26677 | D:11     | Found a staircase to the Lair.
 26916 | D:11     | Gained mutation: You have large cloven feet. [mutagenic meat]
 26922 | D:11     | Noticed a two-headed ogre
 26929 | D:11     | Killed a two-headed ogre
 27078 | D:11     | Reached skill level 5 in Shields
 27243 | D:11     | Found Nosoagepp's Antique Weapon Shop.
 27463 | D:11     | Found a staircase to the Lair.
 27591 | D:11     | Found Nosoagepp's Antique Weapon Shop.
 27654 | D:11     | Reached **** piety under Vehumet
 28042 | Lair:1   | Entered Level 1 of the Lair of Beasts
 28058 | Lair:1   | Offered knowledge of Static Discharge by Vehumet.
 30169 | Lair:2   | Found a staircase to the Shoals.
 30177 | Lair:2   | Reached skill level 5 in Evocations
 30819 | Lair:2   | Noticed a catoblepas
 30939 | Lair:2   | Killed a catoblepas
 30939 | Lair:2   | Reached skill level 10 in Earth Magic
 31546 | Lair:2   | Reached XP level 13. HP: 51/68 MP: 22/26
 31685 | Lair:2   | Reached skill level 10 in Spellcasting
 33557 | Lair:2   | Got a flickering crystal amulet
 33635 | Lair:2   | Identified the amulet of Soucli {Reflect rPois SH+5} (You found it on level 2 of the Lair of Beasts)
 33681 | Lair:3   | Reached ***** piety under Vehumet
 33700 | Lair:3   | Offered knowledge of Delayed Fireball by Vehumet.
 34315 | Lair:3   | Noticed Gastronok
 34567 | Lair:2   | Killed Gastronok
 35049 | Lair:3   | Reached skill level 5 in Fire Magic
 37185 | Lair:4   | Found a hole to the Spider Nest.
 37216 | Lair:4   | Gained mutation: Your large and strong wings let you fly indefinitely. [Gargoyle growth]
 37216 | Lair:4   | Reached XP level 14. HP: 75/75 MP: 21/28
 37704 | Lair:4   | Found a hole to the Spider Nest.
 38873 | Lair:2   | Found a staircase to the Shoals.
 40300 | Lair:2   | Learned a level 7 spell: Delayed Fireball
 40314 | Lair:2   | Learned a level 5 spell: Fireball
 40462 | Lair:5   | Identified a scroll of acquirement
 40466 | Lair:5   | Got a distressingly furry crystal plate armour
 40478 | Lair:5   | Identified the +9 crystal plate armour "Wuunir" {MP+9} (You acquired it on level 5 of the Lair of Beasts)
 40714 | Lair:6   | Entered Level 6 of the Lair of Beasts
 41173 | Lair:6   | Found a staircase to the Slime Pits.
 44274 | Lair:6   | Got a scorched short sword
 45025 | Lair:2   | Identified the +4 short sword of Gadomise {antimagic, Int+8} (You found it on level 6 of the Lair of Beasts)
 45116 | Lair:6   | Reached XP level 15. HP: 71/82 MP: 15/30
 45200 | Lair:6   | Offered knowledge of Poison Arrow by Vehumet.
 45208 | Lair:6   | Learned a level 6 spell: Poison Arrow
 45866 | Lair:6   | Found a staircase to the Slime Pits.
 46560 | D:12     | Noticed Snorg
 46868 | D:11     | Killed Snorg
 47073 | D:12     | Found Zucsoitt's Assorted Antiques.
 47073 | D:12     | Noticed Harold
 47077 | D:12     | Reached skill level 1 in Poison Magic
 47079 | D:12     | Killed Harold
 47086 | D:12     | Bought a large lapis lazuli amulet for 115 gold pieces
 47086 | D:12     | Bought a glowing robe for 154 gold pieces
 47407 | D:12     | Reached skill level 10 in Fighting
 47622 | D:12     | Lost mutation: You are frail. (-10% HP) [mutagenic meat]
 48316 | D:12     | Found Zucsoitt's Assorted Antiques.
 48593 | D:12     | Found Zucsoitt's Assorted Antiques.
 49053 | D:13     | Gained mutation: Armour fits poorly on your strangely shaped body. [mutagenic meat]
 49055 | D:13     | Gained mutation: Your mind is acute. (Int +2) [mutagenic meat]
 49056 | D:13     | Gained mutation: You expend magic power (3 MP) to strengthen your wands. [mutagenic meat]
 49182 | D:13     | Found Maehyux's Antique Armour Boutique.
 50217 | D:13     | Noticed Erolcha
 50233 | D:13     | Killed Erolcha
 50690 | D:13     | Found a gate to the Vaults.
 50946 | Orc:1    | Entered Level 1 of the Orcish Mines
 50958 | Orc:1    | Noticed Erica
 50962 | Orc:1    | Killed Erica
 51220 | Orc:2    | Entered Level 2 of the Orcish Mines
 51264 | Orc:2    | Found a staircase to the Elven Halls.
 51499 | Orc:2    | Offered knowledge of Bolt of Fire by Vehumet.
 51659 | Orc:2    | Found Bupulest's Quality Used Wands.
 51887 | Orc:2    | Reached skill level 10 in Conjurations
 51925 | Orc:2    | Found Iffom's General Store.
 52015 | Orc:2    | Found Bamim's Magic Scroll Boutique.
 52133 | Orc:2    | Hit by a large rock thrown by a stone giant

Vault maps used:
D:1:      dpeg_arrival_rhombi
D:2:      kennysheep_generic_room_4
D:4:      minmay_opposing_rooms, kennysheep_windowed_goal
D:5:      first_bread, serial_glass, glass_columns_b, glass_columns_a,
          minmay_strange_pillars
D:6:      serial_glass, glass_columns_a, glass_columns_a, glass_columns_c,
          glass_columns_a, uniq_prince_ribbit1, uniq_edmund, uniq_pikel
D:7:      kennysheep_slugbush, serial_shops, shop_statue
D:8:      kennysheep_housing_project, basic_altar
D:9:      minmay_orc_entry_guard_dogs, uniq_maurice
D:10:     basic_altar
D:11:     david_lair_generic, serial_shops, nicolae_shop_trees
D:12:     serial_shops, shop, uniq_snorg, uniq_harold
D:13:     david_vaults_4, serial_shops, nicolae_shop_trees, the_bakery,
          uniq_erolcha
Temple:   roderic_octagonal_lattice_temple
Lair:2:   elwin_shoals_entry_rocks, minmay_lair_oklob_chamber
Lair:3:   cheibrodos_lair_caveside_slide, eino_house_with_fridge, uniq_gastronok
Lair:4:   spider_nest_entry_webs, dpeg_oklob_1, serial_bayou_shore_b
Lair:6:   minmay_lair_end_enchanted_forest, slime_dummy, grunt_megastairs_4,
          lemuel_fruit_fields, lemuel_fruit_fields
Orc:1:    serial_shops, nicolae_shop_statue_plus, uniq_erica
Orc:2:    pf_orc_diabolical, nicolae_for_you_no_charge

Skill      XL: |  1  2  3  4  5  6  7  8  9 10 11 12 13 14 15 |
---------------+----------------------------------------------+-----
Earth Magic    | 4 5 6 7 8 9 10 11 | 11.7
Spellcasting   | 3 4 5 6 7 8 9 10 11 | 11.6
Conjurations   | 1 2 3 4 5 6 7 8 9 10 | 10.0
Armour         | 2 4 5 7 |  7.8
Fighting       | 1 3 4 5 6 7 8 9 10 | 10.2
Dodging        | 2 3 4 5 6 7 |  7.7
Maces & Flails | 3 4 5 6 7 8 |  8.9
Evocations     | 1 3 5 6 7 |  7.5
Shields        | 3 4 5 |  5.5
Fire Magic     | 3 4 5 6 7 |  7.2
Poison Magic   | 2 |  2.6
Stealth        | |  2.1
Transmutations | |  0.7

Action                   |  1- 3 |  4- 6 |  7- 9 | 10-12 | 13-15 || total
-------------------------+-------+-------+-------+-------+-------++-------
Melee: Unarmed           |    21 |       |       |       |       ||    21
       Dagger            |    70 |   157 |       |       |       ||   227
       Short sword       |    13 |       |       |       |       ||    13
       Hand axe          |       |    87 |   169 |       |       ||   256
       Mace              |       |       |   128 |   232 |     4 ||   364
       Flail             |       |       |       |   294 |   732 ||  1026
       Headbutt          |       |       |       |    32 |   122 ||   154
 Cast: Sandblast         |    27 |    25 |    66 |    75 |    75 ||   268
       Stone Arrow       |       |    27 |   116 |   199 |   266 ||   608
       Lee's Rapid Decon |       |       |     2 |    19 |    20 ||    41
       Petrify           |       |       |       |    22 |     9 ||    31
       Throw Flame       |       |       |       |   151 |   248 ||   399
       Shock             |       |       |       |    27 |    82 ||   109
       Fireball          |       |       |       |    21 |   117 ||   138
       Iskenderun's Myst |       |       |       |     6 |     1 ||     7
       Searing Ray       |       |       |       |       |    11 ||    11
       Poison Arrow      |       |       |       |       |     5 ||     5
 Abil: Blink             |       |       |       |     7 |    30 ||    37
       Fly               |       |       |       |       |     1 ||     1
Evoke: Wand              |       |       |       |     1 |     6 ||     7
       Phial of floods   |       |       |       |       |     1 ||     1
  Use: Scroll            |       |     7 |     2 |    14 |    16 ||    39
       Potion            |       |       |       |     3 |     4 ||     7
 Stab: Distracted        |     1 |       |     2 |       |       ||     3
       Sleeping          |     3 |       |     2 |       |     1 ||     6
       Petrified         |       |       |       |    24 |     5 ||    29
       Petrifying        |       |       |       |     1 |       ||     1
  Eat: Chunk             |     5 |    17 |    20 |    65 |    72 ||   179
       Bread ration      |     1 |       |     1 |     2 |     1 ||     5
       Meat ration       |       |       |     1 |       |     2 ||     3
       Pizza             |       |       |       |     2 |     4 ||     6
       Beef jerky        |       |       |       |     1 |       ||     1
       Fruit             |       |       |       |     2 |     4 ||     6
       Royal jelly       |       |       |       |       |     2 ||     2
Armor: Robe              |    36 |    25 |   221 |   298 |   436 ||  1016
       Leather armour    |     2 |   102 |       |       |       ||   104
       Crystal plate arm |       |       |       |       |    79 ||    79
Dodge: Dodged            |    92 |   173 |   359 |   466 |   646 ||  1736
Block: Buckler           |       |       |       |   164 |   746 ||   910
       Reflection        |       |       |       |       |    17 ||    17
